 Dungeon Crawl Stone Soup version 0.25-a0-294-gea9b1ad378 (webtiles) character file.

Game seed: 8316095625496440652, levelgen mode: deterministic

39 Error4North the Shield-Bearer (level 3, -4/33 HPs)
             Began as a Hill Orc Fighter on Dec 19, 2019.
             Slain by Sigmund
             ... wielding a +0 scythe
              (8 damage)
             ... on level 2 of the Dungeon.
             The game lasted 00:06:07 (1567 turns).

Error4North the Shield-Bearer (Hill Orc Fighter)    Turns: 1567, Time: 00:06:08

Health: -4/33      AC:  6    Str: 18    XL:     3   Next: 47%
Magic:  3/3        EV:  7    Int:  8    God:
Gold:   77         SH:  9    Dex: 11    Spells: 2/2 levels left

rFire    . . .     SeeInvis .   a - +0 war axe
rCold    . . .     Gourm    .   c - +0 shield
rNeg     . . .     Faith    .   b - +0 scale mail
rPois    .         Spirit   .   (no helmet)
rElec    .         Reflect  .   (no cloak)
rCorr    .         Harm     .   (no gloves)
MR       .....                  (no boots)
Stlth    ..........             (no amulet)
HPRegen  0.11/turn              (no ring)
MPRegen  0.08/turn              (no ring)

@: no status effects
A: no striking features
a: no special abilities


You were on level 2 of the Dungeon.
You were not hungry.

You visited 1 branch of the dungeon, and saw 2 of its levels.

You collected 77 gold pieces.

Inventory:

Hand Weapons
 a - a +0 war axe (weapon)
Missiles
 i - 45 sling bullets
 n - 22 stones (quivered)
Armour
 b - a +0 scale mail (worn)
 c - a +0 shield (worn)
Scrolls
 e - a scroll of magic mapping {unknown}
 g - a scroll of immolation {unknown}
 h - 3 scrolls of enchant armour {unknown}
 j - a scroll of identify {unknown}
 l - a scroll of enchant weapon {unknown}
 m - a scroll of fear {unknown}
 o - a scroll of teleportation {unknown}
 p - a scroll of blinking {unknown}
Potions
 d - a potion of might
 k - a potion of flight {unknown}
 r - a potion of haste {unknown}
Comestibles
 f - 4 rations
 q - 3 chunks of flesh


   Skills:
 + Level 3.7 Fighting
 + Level 3.0 Axes
 - Level 3.4 Armour
 * Level 4.5 Shields


You had 2 spell levels left.
You didn't know any spells.
Your spell library was empty.

Dungeon Overview and Level Annotations

Branches:
Dungeon (2/15)

Altars:

Annotations:
D:2 Sigmund


Message History

Sigmund is heavily wounded.
Sigmund hits you but does no damage.
You hit Sigmund but do no damage.
Sigmund is heavily wounded.
Sigmund points at you and mumbles some strange words.
The magic dart hits you.
* * * LOW HITPOINT WARNING * * *
You slash Sigmund!
Sigmund is severely wounded.
Sigmund barely misses you.
You closely miss Sigmund.
Sigmund is severely wounded.
You block Sigmund's attack.
Your shield and scale mail prevent you from hitting Sigmund.
Sigmund is severely wounded.
You block Sigmund's attack.
You closely miss Sigmund.
Sigmund is severely wounded.
Sigmund hits you with a +0 scythe!
You die...

#.........## #.# .
#.##.##.......#######.# ?
#.##.##.......'.......# #.
#.##.##.......######### #.#
#.##..'.......#
.##..####.#####.......#
..........# #.......#
..........# #.......######
..?.......# #.@@....#....#
+###+####.#####.......#.##.#
##..#...............#.##.#
..............##...((.##.#
###...........##......##.#
#...........##......##.#
####.##'#####.........##.######
....##.#...'.........##......)
###..#.#.###......#####.....##


You could see Sigmund.

Vanquished Creatures
  2 worms (D:2)
  2 dart slugs (D:2)
  2 leopard geckos
  A bat (D:1)
  2 giant cockroaches
  4 goblins
  4 kobolds (D:1)
  A quokka (D:2)
  A ball python (D:2)
  A frilled lizard (D:1)
  7 rats
27 creatures vanquished.

Notes
Turn   | Place    | Note
-------+----------+-------------------------------------------
     0 | D:1      | Error4North the Hill Orc Fighter began the quest for the
                  | Orb.
     0 | D:1      | Reached XP level 1. HP: 19/19 MP: 1/1
   271 | D:1      | Reached XP level 2. HP: 27/27 MP: 2/2
   668 | D:2      | Noticed Sigmund
   698 | D:2      | HP: 1/27 [something/puff of flame (7)]
   983 | D:2      | Reached skill level 4 in Shields
  1036 | D:2      | Reached XP level 3. HP: 33/33 MP: 3/3
  1567 | D:2      | Slain by Sigmund

Levels and vault maps discovered:
D:1:      shiori_arrival_elements, layout_basic, minmay_misc_feat_alley,
          minmay_misc_feat_tiny
D:2:      layout_basic, uniq_robin, uniq_sigmund

Skill      XL: |  1  2 |
---------------+-------+-----
Axes           | 3 |  3.0
Shields        | 4 |  4.5
Fighting       | |  3.7
Armour         | |  3.4

Action                   || total
-------------------------++-------
Melee: War axe           ||    73
Throw: Stone             ||     5
  Eat: Ration            ||     1
       Chunk             ||     1
Armor: Scale mail        ||    22
Dodge: Dodged            ||    23
Block: Shield            ||    34

Table legend:
 A = Non-vault XP
 B = Vault XP
 C = Vault XP percentage of total XP
 D = Non-vault monster count
 E = Vault monster count
 F = Vault count percentage of total count
                 A         B        C        D         E       F
            +---------+---------+-------+---------+---------+-------
      Total |      57 |       0 |   0.0 |      27 |       0 |   0.0
            +---------+---------+-------+---------+---------+-------
        D:1 |      25 |       0 |   0.0 |      15 |       0 |   0.0
        D:2 |      32 |       0 |   0.0 |      12 |       0 |   0.0
            +---------+---------+-------+---------+---------+-------
